 Dungeon Crawl Stone Soup version 0.31-a0-149-g3fdcc5976a (webtiles) character file.

Game seed: 5917910757019275780

39 comborobin the Sneak (level 3, -1/22 HPs)
             Began as a Deep Elf Delver on June 7, 2023.
             Slain by a goblin
             ... wielding a +0 club
             ... led by Robin
              (3 damage)
             ... on level 2 of the Dungeon.
             The game lasted 00:02:10 (389 turns).

comborobin the Sneak (Deep Elf Delver)               Turns: 389, Time: 00:02:10

Health: -1/22      AC:  3    Str:  9    XL:     3   Next: 26%
Magic:  5/5        EV: 12    Int: 16    God:
Gold:   17         SH:  0    Dex: 16    Spells: 2/2 levels left

rFire   . . .        a - +0 short sword
rCold   . . .        (no shield)
rNeg    . . .        b - +0 leather armour
rPois   .            (no helmet)
rElec   .            (no cloak)
rCorr   .            (no gloves)
SInv    .            (no boots)
Will    .....        (no amulet)
Stlth   +++          (no ring)
HPRegen 0.23/turn    (no ring)
MPRegen 0.09/turn

%: no passive effects
@: invisible
A: no striking features
a: no special abilities


You were on level 2 of the Dungeon.
You visited 1 branch of the dungeon, and saw 6 of its levels.

You collected 17 gold pieces.

Inventory:

Hand Weapons
 a - a +0 short sword (weapon)
Missiles
 i - 2 poisoned darts (quivered)
Armour
 b - a +0 leather armour (worn)
 h - a +0 plate armour
Magical Staves
 j - a staff of fire
Wands
 g - a wand of digging (2)
Scrolls
 c - a scroll of fog
 d - a scroll of noise {unknown}
Potions
 f - a potion of invisibility


   Skills:
 - Level 2.7 Fighting
 - Level 2.4 Short Blades
 + Level 1.0 Throwing
 - Level 3.0 Dodging
 - Level 6.3 Stealth


You had 2 spell levels left.
You didn't know any spells.
Your spell library was empty.

Dungeon Overview and Level Annotations

Branches:
Dungeon (7/15)
 Temple: D:4-7

Altars:

Annotations:
D:5 exclusion: upstairs


Message History

Okay, then.
It was a potion of invisibility.
You fade into invisibility!
The goblin unwields a +0 dagger.
The goblin wields a +0 sling.
The goblin shoots a sling bullet.
The sling bullet misses the goblin.
The sling bullet closely misses the goblin.
Robin barely misses you.
You strike the helpless Robin from behind!
You puncture Robin!
Robin is almost dead.
Unknown command.
Unknown command.
You catch the helpless Robin completely off-guard!
You puncture Robin!
You kill Robin!
The goblin hits you with a +0 dagger.
The goblin unwields a +0 club.
The goblin wields a +0 sling.
The goblin shoots a sling bullet.
The sling bullet barely misses the goblin.
The sling bullet misses the goblin.
The goblin misses you.
Your Throwing skill increases to level 1!
You closely miss the goblin. The goblin hits you with a +0 club.
The goblin hits you with a +0 dagger.
* * * LOW HITPOINT WARNING * * *
The goblin misses you.
The goblin shoots a sling bullet.
The sling bullet barely misses the goblin.
The sling bullet hits the goblin!
The goblin dies!
The goblin shoots a sling bullet.
The sling bullet hits the goblin.
You hit the goblin but do no damage. The goblin barely misses you.
The goblin hits you with a +0 club.
* * * LOW HITPOINT WARNING * * *
The goblin shoots a sling bullet.
The sling bullet misses the goblin.
The goblin shoots a sling bullet.
The sling bullet closely misses the goblin.
The sling bullet barely misses the goblin.
The sling bullet closely misses you.
The sling bullet barely misses the goblin.
The goblin unwields a +0 sling.
The goblin wields a +0 club.
The goblin hits you with a +0 club.
You die... ###### . ..... . ....#. ...$#+# ...#.# .ggg#

..##.###gg.#
......gg@g.#
####.##)gg.#
#g...#
#....#
#....#
#!...#
......
..#.(##


You could see 3 hobgoblins and 8 goblins.

Vanquished Creatures
  An iguana (D:5)
  Robin (D:2)
  A dart slug (D:5)
3 creatures vanquished.

Vanquished Creatures (others)
  A goblin (D:2)
1 creature vanquished.

Grand Total: 4 creatures vanquished

Notes
Turn   | Place    | Note
-------+----------+-------------------------------------------
     0 | D:5      | comborobin the Deep Elf Delver began the quest for the Orb.
     0 | D:5      | Reached XP level 1. HP: 13/13 MP: 3/3
    30 | D:4      | Noticed an ogre
   129 | D:5      | Noticed a jelly
   294 | D:5      | Noticed an iguana
   297 | D:5      | Killed an iguana
   298 | D:5      | Reached XP level 2. HP: 18/18 MP: 4/4
   298 | D:5      | Reached XP level 3. HP: 22/22 MP: 5/5
   355 | D:5      | Noticed a black bear
   383 | D:2      | Noticed Robin
   386 | D:2      | Killed Robin
   387 | D:2      | Reached skill level 1 in Throwing
   389 | D:2      | Slain by a goblin

Illustrated notes

Levels and vault maps discovered:
D:2:      layout_basic, bh_walls_and_bars, uniq_robin, uniq_sigmund
D:3:      layout_loops_corners, gup_sewer_entry_bubbles,
          gammafunk_ghost_cemetery
D:4:      layout_cave_pools, nicolae_gozag_seed_capital,
          mainiacjoe_overflow_paths, nemelex_xobeh_ov_fountains_minmay,
          serial_co_window_serial, co_window_of_opportunity_a,
          co_window_paths_a, co_window_paths_b, co_window_paths_a,
          co_window_corner_a, co_window_paths_a, co_window_broadway_a,
          co_window_of_opportunity_c, co_window_unsneaky_path_b,
          co_window_paths_e, co_window_4corner_a, due_unseen_surprise,
          uniq_menkaure
D:5:      layout_layer_cave, mainiacjoe_overflow_two_lobes, uniq_grinder,
          uniq_duvessa
D:6:      layout_basic, nicolae_nh_ransacked_shop
D:7:      layout_layer_cave, minmay_temple_entry_poolview, grunt_ministairs_2

Skill      XL: |  1  2  3 |
---------------+----------+-----
Dodging        | 3 |  3.0
Throwing       | 1 |  1.0
Fighting       | |  2.7
Short Blades   | |  2.4
Stealth        | |  6.3

Action                     || total
---------------------------++-------
  Melee: Short sword       ||     6
  Throw: Dart              ||     5
  Evoke: Wand              ||     1
    Use: Scroll            ||     2
         Potion            ||     2
   Stab: Sleeping          ||     2
         Invisible         ||     2
 Armour: Leather armour    ||     1
  Dodge: Dodged            ||     8

Table legend: (Time is in decaauts)
 A = Elapsed time spent in this place.
 B = Non-inter-level travel time spent in this place.
 C = Inter-level travel time spent in this place.
 D = Time resting spent in this place.
 E = Time spent auto-exploring this place.
 F = Levels seen in this place.
 G = Mean time per level.
                   A        B        C        D        E       F      G
               +--------+--------+--------+--------+--------+-----+--------+
         Total |    373 |    222 |    151 |      0 |     14 |   6 |   62.2 |
       Dungeon |    373 |    222 |    151 |      0 |     14 |   6 |   62.2 |
               +--------+--------+--------+--------+--------+-----+--------+

Top non-repeatable levels by time:
     D:5: 295 daAuts
     D:6: 37 daAuts
     D:3: 16 daAuts
     D:7: 12 daAuts
     D:4: 5 daAuts
     D:2: 5 daAuts
